 Dungeon Crawl Stone Soup version 0.22-a0-539-gfbd9004e3f (webtiles) character file.

8431 Soveliss the Fighter (level 11, -5/107 HPs)
             Began as a Black Draconian Fighter on June 24, 2018.
             Was a High Priest of Okawaru.
             Slain by a warg (8 damage)
             ... led by an orc high priest
             ... on level 1 of the Orcish Mines.
             The game lasted 00:18:26 (10310 turns).

Soveliss the Fighter (Black Draconian Fighter)     Turns: 10310, Time: 00:18:26

Health: -5/107     AC:  9    Str: 20    XL:     11   Next: 9%
Magic:  10/11      EV: 15    Int:  8    God:    Okawaru [*****.]
Gold:   413        SH: 10    Dex: 18    Spells: 10/10 levels left

rFire    . . .     SeeInvis .   Q - +5 scimitar (holy)
rCold    . . .     Gourm    .   b - +0 shield
rNeg     . . .     Faith    .   (armour unavailable)
rPois    .         Spirit   .   (helmet restricted)
rElec    +         Reflect  .   G - +0 cloak
rCorr    .         Harm     .   o - +0 pair of gloves
MR       .....                  (no boots)
Stlth    ++........             k - amulet of regeneration
HPRegen  0.67/turn              a - +5 ring of dexterity
MPRegen  0.12/turn              z - +4 ring of evasion

@: no status effects
A: breathe lightning, unfitting armour, electricity resistance, cold-blooded, AC
+7
a: Breathe Lightning, Heroism, Finesse, Renounce Religion


You were on level 1 of the Orcish Mines.
You worshipped Okawaru.
Okawaru was extremely pleased with you.
You were not hungry.

You visited 3 branches of the dungeon, and saw 13 of its levels.

You collected 857 gold pieces.
You spent 444 gold pieces at shops.

Inventory:

Hand Weapons
 A - a +2 rapier of venom
 Q - a +5 scimitar of holy wrath (weapon)
Missiles
 f - 65 poisoned needles
 l - 2 steel tomahawks
 q - 2 throwing nets (quivered)
 w - 4 curare-tipped needles
 y - 6 tomahawks
 K - 2 javelins
Armour
 b - a +0 shield (worn)
 o - a +0 pair of gloves (worn)
 G - a +0 cloak (worn)
Jewellery
 a - a +5 ring of dexterity (left hand)
 k - an amulet of regeneration (around neck)
 z - a +4 ring of evasion (right hand)
 D - a +6 amulet of reflection
 O - an uncursed ring of poison resistance
 R - an uncursed ring of fire
Wands
 n - a wand of flame (74)
 x - a wand of paralysis (12)
 C - a wand of iceblast (40)
 E - a wand of acid (13)
 I - a wand of enslavement (11)
Scrolls
 e - 3 scrolls of identify
 g - 2 scrolls of enchant weapon
 h - 3 scrolls of magic mapping
 p - 4 scrolls of remove curse
 r - 2 scrolls of enchant armour
 s - 3 scrolls of immolation
 t - 2 scrolls of fog
 F - 2 scrolls of teleportation
 H - a scroll of amnesia {unknown}
 L - 2 scrolls of fear {unknown}
Potions
 c - a potion of might
 i - a potion of cancellation
 j - 4 potions of degeneration
 m - 3 potions of brilliance
 u - a potion of ambrosia
 v - a potion of haste
 B - 2 potions of agility
 J - a potion of flight {unknown}
 M - a potion of lignification {unknown}
 P - a potion of invisibility {unknown}
 S - a potion of magic {unknown}
Comestibles
 d - 28 rations
 N - 4 chunks of flesh


   Skills:
 + Level 13.4 Fighting
 + Level 12.0 Long Blades
 - Level 2.6 Dodging
 - Level 3.0 Shields


You had 10 spell levels left.
You didn't know any spells.
Your spell library contained the following spells:

 Spells                   Type           Power        Failure   Level  Hunger
 Magic Dart               Conj           #...         90%         1    ##.....
 Summon Small Mammal      Summ           #...         90%         1    ##.....
 Iskenderun's Mystic Bla  Conj           #.......     100%        4    #####..
 Summon Ice Beast         Ice/Summ       #.......     100%        4    #####..
 Call Imp                 Summ           #.......     97%         2    ###....
 Call Canine Familiar     Summ           #.......     99%         3    ####...
 Fulminant Prism          Conj/Hex       #.........   100%        4    #####..
 Dazzling Spray           Conj/Hex       #.....       99%         3    ####...
 Force Lance              Conj/Tloc      #.......     100%        4    #####..
 Searing Ray              Conj           #.....       97%         2    ###....
 Summon Lightning Spire   Summ/Air       #.......     100%        4    #####..
 Summon Guardian Golem    Hex/Summ       #.......     99%         3    ####...


Dungeon Overview and Level Annotations

Branches:
Dungeon (11/15)            Temple (1/1) D:5            Lair (0/6) D:10
    Orc (1/2) D:10

Altars:
Ashenzari
Cheibriados
Dithmenos
Elyvilon
Fedhas
Gozag
Hepliaklqana
Kikubaaqudgha
Makhleb
Nemelex Xobeh
Okawaru
Qazlal
Ru
Sif Muna
Trog
Uskayaw
Vehumet
Wu Jian
Xom
Yredelemnul
Zin
The Shining One
Beogh

Shops:
D:10 (

Annotations:
D:7 1 runed door, strelocc's ghost, novice CeBe


Innate Abilities, Weirdness & Mutations

You can breathe wild blasts of lightning.
Your glossy black scales are hard. (AC +7)
You cannot fit into any form of body armour.
You are resistant to electric shocks. (rElec)
You are cold-blooded and may be slowed by cold attacks.


Message History

The orc priest hits you but does no damage.
You block the warg's attack. You block the troll's attack.
The troll completely misses you. The troll barely misses you.
Unknown command.
You hit the troll but do no damage.
The troll is moderately wounded.
You feel like a meek peon again. The warg bites you!
* * * LOW HITPOINT WARNING * * *
Unknown command.
You hit the troll.
The troll is heavily wounded.
The orc priest mumbles some strange prayers to Beogh against you.
Beogh smites you!
* * * LOW HITPOINT WARNING * * *
You block the troll's attack. The troll claws you but does no damage.
The troll misses you.
The orc warrior throws a tomahawk.
The tomahawk hits you.
* * * LOW HITPOINT WARNING * * *
The warg bites you!
You die...

.#.....
.......
.......
.$..... ###
....>..###.##
.......o#...#
.....o).#...#
......)@h..##
.....#T.....##
.#. ###......#
#..#(...##
..........##
.##..#.....###
#######.##.##
##.###....#
#...#....##


You could see a troll, a warg, an orc warrior and an orc priest.

Vanquished Creatures
  A two-headed ogre (D:8)
  An orc high priest (Orc:1)
  2 ice devils (D:11)
  A hippogriff (D:10)
  3 wyverns
  A yak (D:7)
  Grum (D:10)
  3 hogs (D:7)
  A human (D:7)
  A basilisk (D:10)
  A hungry ghost (D:7)
  2 acid dragons
  A water moccasin (D:9)
  7 orc warriors
  2 black bears
  2 necrophages (D:10)
  4 phantoms
  4 wolves (D:10)
  4 ogres
  A centaur (D:7)
  2 crocodiles (D:10)
  A big kobold (D:8)
  The ghost of Oravi the Magician, an amateur TeWz (D:4)
  6 bullfrogs
  A gnoll sergeant (D:9)
  A water moccasin zombie (D:10)
  A scorpion (D:8)
  A water moccasin skeleton (D:4)
  A howler monkey (D:8)
  4 electric eels (D:10)
  3 crimson imps
  2 centaur zombies
  2 bullfrog zombies
  5 hounds
  Crazy Yiuf (D:7)
  A jelly (D:8)
  4 orc priests
  10 orc wizards
  2 bullfrog skeletons
  A centaur skeleton (D:7)
  An iguana (D:10)
  A gnoll shaman (D:8)
  Terence (D:3)
  5 worker ants
  3 hound zombies
  2 hound skeletons
  A worker ant zombie (D:6)
  8 adders
  13 gnolls
  2 shadow imps
  2 oozes
  An adder skeleton (D:7)
  A worm (D:3)
  2 dart slugs (D:1)
  3 leopard geckos
  38 orcs
  A ball python (D:2)
  4 bats
  4 giant cockroaches
  6 goblins
  6 hobgoblins
  12 jackals
  3 kobolds
  4 quokkas
  A ball python skeleton (D:4)
  2 frilled lizards (D:3)
  A leopard gecko zombie (D:6)
  6 rats
227 creatures vanquished.

Notes
Turn   | Place    | Note
-------+----------+-------------------------------------------
     0 | D:1      | Soveliss the Draconian Fighter began the quest for the Orb.
     0 | D:1      | Reached XP level 1. HP: 19/19 MP: 1/1
   344 | D:1      | Reached XP level 2. HP: 25/27 MP: 2/2
   389 | D:1      | Reached skill level 4 in Fighting
  1134 | D:2      | Reached XP level 3. HP: 25/33 MP: 3/3
  1197 | D:2      | Found a white marble altar of Elyvilon.
  1585 | D:2      | Found a burning altar of Makhleb.
  1657 | D:3      | Found a hazy altar of Hepliaklqana.
  1690 | D:3      | Reached XP level 4. HP: 38/41 MP: 4/4
  1730 | D:3      | Found a shattered altar of Ashenzari.
  1906 | D:3      | Noticed Terence
  1943 | D:3      | Killed Terence
  1943 | D:3      | Reached XP level 5. HP: 41/47 MP: 5/5
  2277 | D:3      | Reached skill level 5 in Fighting
  2375 | D:3      | Found a shadowy altar of Dithmenos.
  3095 | D:4      | Reached skill level 5 in Long Blades
  3221 | D:4      | Found a runed gate.
  3221 | D:4      | Found a runed gate.
  3223 | D:4      | Found a runed gate.
  3228 | D:4      | Noticed Oravi's ghost (amateur TeWz)
  3229 | D:4      | Found a roughly hewn altar of Beogh.
  3465 | D:4      | Reached XP level 6. HP: 55/56 MP: 6/6
  3767 | D:5      | Entered Level 5 of the Dungeon
  3782 | D:4      | Killed Oravi's ghost
  4030 | D:5      | Found a staircase to the Ecumenical Temple.
  4054 | Temple   | Entered the Ecumenical Temple
  4181 | D:5      | Found a basalt altar of Yredelemnul.
  4185 | D:5      | Found a sparkling altar of Nemelex Xobeh.
  4493 | D:5      | Found an iron altar of Okawaru.
  4503 | D:5      | Became a worshipper of Warmaster Okawaru
  4646 | D:5      | Your scales start taking on a glossy black colour.
  4646 | D:5      | Reached XP level 7. HP: 61/61 MP: 7/7
  4646 | D:5      | Gained mutation: You are resistant to electric shocks. (rElec) [Black Draconian growth]
  4937 | D:5      | Reached * piety under Okawaru
  4937 | D:5      | Reached skill level 6 in Fighting
  5008 | D:6      | Reached XP level 8. HP: 71/71 MP: 8/8
  5038 | D:6      | Found a sacrificial altar of Ru.
  5839 | D:7      | Found a runed door.
  5839 | D:7      | Noticed strelocc's ghost (novice CeBe)
  5873 | D:7      | Found a runed door.
  5877 | D:7      | Noticed Crazy Yiuf
  5884 | D:7      | Killed Crazy Yiuf
  5953 | D:7      | Found an ancient bone altar of Kikubaaqudgha.
  6115 | D:7      | Reached ** piety under Okawaru
  6197 | D:7      | Reached skill level 7 in Fighting
  6588 | D:7      | Noticed an angel
  6589 | D:7      | Found a glowing silver altar of Zin.
  6681 | D:7      | Reached skill level 8 in Fighting
  6693 | D:7      | Reached *** piety under Okawaru
  6693 | D:7      | Reached XP level 9. HP: 66/81 MP: 9/9
  6699 | D:7      | Reached skill level 10 in Long Blades
  7143 | D:8      | Reached skill level 9 in Fighting
  7367 | D:8      | Noticed a two-headed ogre
  7380 | D:8      | Killed a two-headed ogre
  7380 | D:8      | Reached **** piety under Okawaru
  7380 | D:8      | Reached skill level 10 in Fighting
  7392 | D:8      | Reached XP level 10. HP: 81/94 MP: 10/10
  7791 | D:8      | Received a gift from Okawaru
  8050 | D:9      | Noticed a hand axe
  8051 | D:9      | Noticed a dagger
  8081 | D:9      | Found a hide-covered altar of Uskayaw.
  8335 | D:9      | Reached skill level 11 in Fighting
  8413 | D:9      | Found a blossoming altar of Fedhas.
  8619 | D:10     | Entered Level 10 of the Dungeon
  8623 | D:10     | Found a staircase to the Orcish Mines.
  9360 | D:10     | Reached skill level 12 in Fighting
  9402 | D:10     | Noticed Grum
  9420 | D:10     | Killed Grum
  9440 | D:10     | Found Tavogolusu's Weapon Boutique.
  9447 | D:10     | Bought a +5 scimitar of holy wrath for 444 gold pieces
  9784 | D:10     | Reached ***** piety under Okawaru
  9807 | D:10     | Reached skill level 13 in Fighting
  9910 | D:10     | Found a staircase to the Lair.
 10120 | Orc:1    | Entered Level 1 of the Orcish Mines
 10151 | Orc:1    | Reached XP level 11. HP: 87/107 MP: 11/11
 10292 | Orc:1    | Noticed an orc high priest
 10305 | Orc:1    | Killed an orc high priest
 10310 | Orc:1    | HP: 3/107 [orc warrior/tomahawk[an orc high priest] (5)]
 10310 | Orc:1    | Slain by a warg

Vault maps used:
D:1:      minmay_arrival_split_and_join
D:2:      lemuel_round_altar, nicolae_overflow_crystal_walls
D:3:      minmay_door_path, overflow_temple_1_default,
          overflow_temple_1_default, ashenzari_altar_1, uniq_terence
D:4:      biasface_ghost_orc_armoury
D:5:      black_bear_nest_1, lemuel_round_altar, grunt_temple_overflow_open,
          minmay_temple_entry_junction, first_ration
D:6:      overflow_temple_1_default
D:7:      kennysheep_mini, zin_angel, gammafunk_ghost_grave, grunt_livestock,
          uniq_crazy_yiuf_cottage
D:9:      dancing_weapons_uskayaw, overflow_temple_1_default, st_stairs_8
D:10:     erik_lair_dragon, orc_0_dummy, serial_shops, shop, dk_vineyard_1,
          basic_loot_grate_trap, uniq_grum
D:11:     portal_ice_cave_demonic_guard, gammafunk_ghost_icy
Temple:   kb_temple_of_zot

Skill      XL: |  1  2  3  4  5  6  7  8  9 10 11 |
---------------+----------------------------------+-----
Fighting       | 4 5 6 8 10 13 | 13.4
Long Blades    | 3 4 5 6 8 9 11 12 | 12.0
Dodging        | |  2.6
Shields        | |  3.0

Action                   |  1- 3 |  4- 6 |  7- 9 | 10-12 || total
-------------------------+-------+-------+-------+-------++-------
Melee: Long sword        |    88 |   171 |    11 |     8 ||   278
       Tailslap          |    12 |    31 |    47 |    55 ||   145
       Rapier            |       |    29 |   291 |   242 ||   562
       Scimitar          |       |       |       |    74 ||    74
Invok: Heroism           |       |       |     1 |     5 ||     6
Evoke: Wand              |       |       |     4 |     5 ||     9
  Use: Scroll            |       |     8 |     2 |     7 ||    17
 Stab: Sleeping          |     1 |       |     1 |     1 ||     3
  Eat: Chunk             |     2 |     7 |    10 |    10 ||    29
       Ration            |       |     1 |       |       ||     1
Armor: Skin              |    25 |    44 |    45 |    73 ||   187
Dodge: Dodged            |    28 |    85 |   117 |   176 ||   406
Block: Shield            |    38 |    94 |   113 |   129 ||   374
       Rpst.: Long sword |     7 |    26 |       |       ||    33
       Scimitar          |       |       |       |    14 ||    14

Table legend:
 A = Spawn XP
 B = Non-spawn XP
 C = Spawn XP percentage of total XP
 D = Spawn monster count
 E = Non-spawn monster count
 F = Spawn count percentage of total count
 G = Total turns spent on level
                    A         B        C        D         E        F      G
               +---------+---------+-------+---------+---------+-------+---------
         Total |       0 |   12045 |   0.0 |       0 |     227 |   0.0 | 10310
               +---------+---------+-------+---------+---------+-------+---------
           D:1 |       0 |      34 |   0.0 |       0 |      10 |   0.0 |  1033
           D:2 |       0 |      24 |   0.0 |       0 |      15 |   0.0 |   624
           D:3 |       0 |     205 |   0.0 |       0 |      19 |   0.0 |  1193
           D:4 |       0 |     259 |   0.0 |       0 |      17 |   0.0 |  1133
           D:5 |       0 |     457 |   0.0 |       0 |      13 |   0.0 |   704
           D:6 |       0 |     569 |   0.0 |       0 |      27 |   0.0 |   954
           D:7 |       0 |    1764 |   0.0 |       0 |      20 |   0.0 |  1330
           D:8 |       0 |    2624 |   0.0 |       0 |      31 |   0.0 |   846
           D:9 |       0 |     696 |   0.0 |       0 |      23 |   0.0 |   712
          D:10 |       0 |    2705 |   0.0 |       0 |      28 |   0.0 |  1120
          D:11 |       0 |    1275 |   0.0 |       0 |       9 |   0.0 |   381
         Orc:1 |       0 |    1433 |   0.0 |       0 |      15 |   0.0 |   190
               +---------+---------+-------+---------+---------+-------+---------
